 Dungeon Sprint DCSS version 0.27.1-33-g824d729ab1 (webtiles) character file.

Game seed: 11924306909028486798

1263 manyhoops the Imperceptible (level 8, -2/45 (54) HPs)
             Began as a Spriggan Enchanter on Dec 1, 2021.
             Was a Believer of Trog.
             Slain by Sonja (7 damage)
             ... in the Dungeon (Sprint I: "Red Sonja") on Dec 2, 2021.
             The game lasted 00:02:04 (295 turns).

manyhoops the Imperceptible (Spriggan Enchanter)     Turns: 295, Time: 00:02:05

HP:   -2/45 (54)    AC:  2    Str:  4    XL:     8   Next: 27%
MP:   13/13         EV: 17    Int: 17    God:    Trog [**....]
Gold: 405           SH:  0    Dex: 17    Spells: 9/12 levels left

rFire    . . .     SeeInvis +   a - +1 dagger
rCold    . . .     Faith    .   (shield restricted)
rNeg     . . .     Spirit   .   b - +0 robe
rPois    .         Reflect  .   (helmet restricted)
rElec    .         Harm     .   (no cloak)
rCorr    .         Rampage  .   (gloves unavailable)
Will     +++..     NoTele   +   (boots unavailable)
Stlth    ..........             (no amulet)
HPRegen  1.15/turn              (no ring)
MPRegen  0.13/turn              (no ring)

@: berserking (expiring), lethally poisoned (-2 -> -2), strong-willed,
regenerating, slowed, heavily drained, very quick
A: very small, no large weapons, unfitting armour, see invisible, speed 3
a: Renounce Religion, Berserk, Trog's Hand


You were in the Dungeon.
You worshipped Trog.
Trog was pleased with you.
You visited 1 branch You collected 405 gold pieces.

Inventory:

Hand Weapons
 a - a +1 dagger (weapon)
Armour
 b - a +0 robe (worn)
Scrolls
 g - a scroll of identify {unknown}
 h - a scroll of blinking
Potions
 c - a potion of curing
 d - a potion of heal wounds
 e - a potion of haste
 f - 2 potions of magic
 i - a potion of ambrosia {unknown}


   Skills:
 - Level 5.6 Short Blades
 - Level 2.6 Dodging
 + Level 23.7 Stealth
 - Level 2.6 Spellcasting
 - Level 3.6 Hexes


You had 9 spell levels left.
You knew the following spells:

 Your Spells              Type           Power      Damage    Failure   Level
a - Corona                Hex            15%        N/A       4%          1
b - Ensorcelled Hibernat  Hex/Ice        16%        N/A       13%         2

Your spell library contained the following spells:

 Spells                   Type           Power      Damage    Failure   Level
 Confusing Touch          Hex            14%        N/A       12%         3
 Tukima's Dance           Hex            14%        N/A       12%         3
 Dazzling Flash           Conj/Hex       16%        N/A       26%         3


Dungeon Overview and Level Annotations

Branches:
Dungeon (1/1)

Altars:
Cheibriados
Dithmenos
Elyvilon
Fedhas
Gozag
Hepliaklqana
Kikubaaqudgha
Makhleb
Nemelex Xobeh
Okawaru
Qazlal
Ru
Sif Muna
Trog
Uskayaw
Vehumet
Wu Jian
Xom
Yredelemnul
Zin
The Shining One
Jiyva
Lugonu

Shops:
D :

Annotations:
D Sonja


Innate Abilities, Weirdness & Mutations

You are very small and have problems with some larger weapons.
You are too small for most types of armour.
You have supernaturally acute eyesight. (SInv)
You cover ground extremely quickly. (Speed+++)


Message History

You feel yourself moving faster!
You feel mighty!
You feel very sick.
Sonja gestures wildly while chanting.
Sonja blinks!
Sonja gestures wildly while chanting.
Sonja blinks!
You hit Sonja.
Sonja is lightly wounded.
You feel sick.
Sonja gestures wildly while chanting.
Sonja blinks!
Sonja zaps a wand.
The mass of ice explodes!
The iceblast engulfs you!
There is an open door here.
You feel a strong urge to attack something.
You feel sick.
You puncture Sonja!
Sonja is moderately wounded.
You feel sick.
Sonja hits you with a +2 dagger of draining.
You feel drained. Sonja misses you. Sonja barely misses you. x2
Sonja hits you with a +2 dagger of draining.
* * * LOW HITPOINT WARNING * * *
You feel drained.
Sonja hits you with a +2 dagger of draining.
* * * LOW HITPOINT WARNING * * *
You feel drained.
* * * LOW HITPOINT WARNING * * *
Level annotation: Sonja Welcome back, manyhoops the Spriggan Enchanter.
Trog says: Kill them all!
Press ? for a list of commands and other information.
You feel a strong urge to attack something.
You feel sick.
Sonja hits you with a +2 dagger of draining.
* * * LOW HITPOINT WARNING * * *
You feel drained.
* * * LOW HITPOINT WARNING * * *
Sonja barely misses you.
Sonja hits you with a +2 dagger of draining!
You die...

#..'..#..'..#..'..'..#...#
#..#####'#####'#__####)..+
#..####..#...#.#### #####
#..#__####..##[#
#.)#_____##'#_.+
#⌠⌠#_.∩...'..._#
####_..__##_.#'#
#_____###'#.#
#########@### +$.K+ #$.$#
##.## #+#


You could see Sonja.

Vanquished Creatures
  2 kobold demonologists (D)
  A slime creature (D)
  Sigmund (D)
  A yak (D)
  A floating eye (D)
  An ogre (D)
  A jelly (D)
  Ijyb (D)
9 creatures vanquished.

Notes
Turn   | Place    | Note
-------+----------+-------------------------------------------
     0 | D        | manyhoops the Spriggan Enchanter began the quest for the
                  | Orb.
     0 | D        | Reached XP level 1. HP: 9/9 MP: 5/5
     1 | D        | Noticed Ijyb
     6 | D        | Killed Ijyb
     7 | D        | Reached skill level 10 in Stealth
     7 | D        | Reached XP level 2. HP: 13/13 MP: 6/6
    50 | D        | Noticed an ogre
    61 | D        | Learned a level 2 spell: Ensorcelled Hibernation
    64 | D        | Killed an ogre
    65 | D        | Reached skill level 14 in Stealth
    65 | D        | Reached XP level 3. HP: 16/16 MP: 0/8
    65 | D        | Reached XP level 4. HP: 21/21 MP: 0/9
   160 | D        | Noticed Sigmund
   163 | D        | Killed Sigmund
   164 | D        | Reached skill level 5 in Short Blades
   164 | D        | Reached skill level 16 in Stealth
   164 | D        | Reached XP level 5. HP: 24/24 MP: 10/10
   164 | D        | Reached XP level 6. HP: 28/28 MP: 11/11
   175 | D        | Found an ornate altar of the Wu Jian Council.
   175 | D        | Found a shimmering blue altar of Sif Muna.
   177 | D        | Found a radiant altar of Vehumet.
   182 | D        | Reached skill level 17 in Stealth
   184 | D        | Found Nacuo's Book Emporium.
   184 | D        | Found an ancient bone altar of Kikubaaqudgha.
   184 | D        | Found a hazy altar of Hepliaklqana.
   184 | D        | Found a stormy altar of Qazlal.
   184 | D        | Found a hide-covered altar of Uskayaw.
   184 | D        | Found a blossoming altar of Fedhas.
   184 | D        | Found a bloodstained altar of Trog.
   184 | D        | Found an iron altar of Okawaru.
   184 | D        | Found a basalt altar of Yredelemnul.
   184 | D        | Found a glowing golden altar of the Shining One.
   184 | D        | Found a snail-covered altar of Cheibriados.
   184 | D        | Found a sacrificial altar of Ru.
   184 | D        | Found a glowing silver altar of Zin.
   184 | D        | Found a shadowy altar of Dithmenos.
   184 | D        | Found a white marble altar of Elyvilon.
   184 | D        | Noticed a yak
   186 | D        | Killed a yak
   187 | D        | Reached skill level 19 in Stealth
   187 | D        | Found an opulent altar of Gozag.
   188 | D        | Found a sparkling altar of Nemelex Xobeh.
   209 | D        | Became a worshipper of Trog the Wrathful
   248 | D        | Found a viscous altar of Jiyva.
   248 | D        | Found a corrupted altar of Lugonu.
   248 | D        | Noticed a slime creature
   249 | D        | Found a burning altar of Makhleb.
   249 | D        | Found a shimmering altar of Xom.
   251 | D        | Killed a slime creature
   252 | D        | Reached skill level 20 in Stealth
   252 | D        | Reached XP level 7. HP: 32/32 MP: 12/12
   266 | D        | Noticed a kobold demonologist
   267 | D        | Noticed a kobold demonologist
   270 | D        | Reached skill level 21 in Stealth
   271 | D        | Killed a kobold demonologist
   271 | D        | Reached * piety under Trog
   272 | D        | Reached skill level 22 in Stealth
   272 | D        | Reached XP level 8. HP: 36/36 MP: 13/13
   273 | D        | Killed a kobold demonologist
   273 | D        | Reached ** piety under Trog
   274 | D        | Reached skill level 23 in Stealth
   287 | D        | Noticed Sonja
   295 | D        | Slain by Sonja

Illustrated notes

Levels and vault maps discovered:
D:        dungeon_sprint_1 [red_sonja_temple_1, red_sonja_temple_small_1]

Skill      XL: |  1  2  3  4  5  6  7  8 |
---------------+-------------------------+-----
Stealth        | 10 14 16 20 22 23 | 23.7
Short Blades   | 5 |  5.6
Dodging        | |  2.6
Spellcasting   | |  2.6
Hexes          | |  3.6

Action                   |  1- 3 |  4- 6 |  7- 9 || total
-------------------------+-------+-------+-------++-------
Melee: Dagger            |     3 |     4 |     5 ||    12
 Cast: Ensorcelled Hiber |     3 |     1 |       ||     4
Invok: Berserk           |       |       |     1 ||     1
       Trog's Hand       |       |       |     1 ||     1
  Use: Potion            |     1 |       |       ||     1
 Stab: Sleeping          |     2 |     4 |     3 ||     9
Dodge: Dodged            |     3 |       |     6 ||     9
